 Dungeon Crawl Stone Soup version 0.18.1-48-g4cf74bf (webtiles) character file.

51 tyrion the Firebug (level 3, -3/20 HPs)
             Began as a Tengu Fire Elementalist on Aug 18, 2016.
             Slain by Terence
             ... wielding a +1 short sword of draining
              (5 damage)
             ... on level 2 of the Dungeon.
             The game lasted 00:02:09 (1818 turns).

tyrion the Firebug (Tengu Fire Elementalist)        Turns: 1818, Time: 00:02:09

Health: -3/20      AC:  2    Str:  8    XL:     3   Next: 83%
Magic:  3/7        EV: 12    Int: 16    God:
Gold:   129        SH:  0    Dex: 14    Spells: 3 memorised, 0 levels left

rFire  + . .     SeeInvis .     (no weapon)
rCold  + . .     Gourm    .     a - +0 robe
rNeg   . . .     Faith    .     (no shield)
rPois  +         Spirit   .     (helmet restricted)
rElec  +         Dismiss  .     (no cloak)
rCorr  +         Reflect  .     (no gloves)
SustAt .         Harm     .     (boots unavailable)
MR     .....                    (no amulet)
Stlth  ++........               (no ring)
                                (no ring)

@: resistant, very slightly contaminated, slowed, drained, very slow, not
resistant to hostile enchantments, unstealthy
A: beak, talons 3
a: no special abilities


You were on level 2 of the Dungeon.
You were very hungry.

You visited 1 branch of the dungeon, and saw 2 of its levels.

You collected 129 gold pieces.

Inventory:

Armour
 a - a +0 robe (worn)
 m - a +0 buckler
Scrolls
 d - a scroll of identify
 g - a scroll of enchant weapon {unknown}
 h - 4 scrolls of fog {unknown}
 o - 2 scrolls of amnesia {unknown}
Potions
 f - a potion of flight {unknown}
 i - a potion of mutation {unknown}
 j - a potion of might {unknown}
 n - 2 potions of brilliance
Books
 b - a book of Flames

   Spells                             Type                      Level
   a - Flame Tongue                   Conjuration/Fire             1
   b - Throw Flame                    Conjuration/Fire             2
   c - Conjure Flame                  Conjuration/Fire             3
   d - Inner Flame                    Hexes/Fire                   3
   e - Sticky Flame                   Conjuration/Fire             4
   f - Fireball                       Conjuration/Fire             5
Comestibles
 c - 2 bread rations
 k - a slice of pizza
 l - a meat ration


   Skills:
 + Level 1.0(0.0) Fighting
 + Level 2.5(1.5) Dodging
 - Level 2.0(1.0) Stealth
 + Level 2.4(1.4) Spellcasting
 * Level 2.3(1.3) Conjurations
 * Level 4.0(2.9) Fire Magic


You couldn't memorise any spells.
You knew the following spells:

 Your Spells              Type           Power        Failure   Level  Hunger
a - Flame Tongue          Conj/Fire      #....        10%         1    ##.....
b - Throw Flame           Conj/Fire      #.....       14%         2    ###....
c - Conjure Flame         Conj/Fire      #.......     28%         3    ####...


Dungeon Overview and Level Annotations

Branches:
Dungeon (2/15)

Altars:

Annotations:
D:2 Terence


Innate Abilities, Weirdness & Mutations

You have a beak for a mouth.
You have claws for feet.


Message History

The flame tongue hits Terence.
Terence is lightly wounded.
Terence hits you with a short sword of draining.
You feel drained.
Terence hits you with a short sword of draining.
You feel drained.
* * * LOW HITPOINT WARNING * * *
Read which item? (? for menu, Esc to quit)
As you read the scroll labeled TIETEU POSU, it crumbles to dust.
It is a scroll of identify.
Identify which item? (\ to view known items) (? for menu, Esc to quit)
n - 2 potions of brilliance Terence hits you with a short sword of draining.
* * * LOW HITPOINT WARNING * * *
You feel drained. Terence closely misses you.
Drink which item? (? for menu, Esc to quit)
It was a potion of resistance.
You feel protected.
Terence hits you with a short sword of draining.
You die...

#.........##########...#.#PPPPP##
#.........# #..........#..P$$$P..
#.........# #.#######..#.#P$$$P##
..........# #.# ##.#.#P$$$P#
...######## #.#### #...#PPPPP#
...# #....# ##..#...### ...#
####.# #..#.#.# ...# #.#
#..#.#.#### ...# #@# #..#.......
...# #@# #.>#....... ...# #.#
####...?... ####
#)#########.......
#.#.......#..@....
#.#.......#.#.# #.#.......#.#.###
#.............?.#
###.@.....##....#


You could see Terence.

Vanquished Creatures
  2 adders (D:2)
  An ooze (D:1)
  A giant gecko (D:1)
  3 giant cockroaches
  8 hobgoblins
  2 kobolds
  2 bats (D:1)
  2 giant newts (D:1)
  2 goblins (D:2)
  4 rats
27 creatures vanquished.

Notes
Turn   | Place    | Note
--------------------------------------------------------------
     0 | D:1      | tyrion the Tengu Fire Elementalist began the quest for the Orb.
     0 | D:1      | Reached XP level 1. HP: 10/10 MP: 4/4
   259 | D:1      | Reached XP level 2. HP: 15/15 MP: 0/6
   413 | D:1      | Learned a level 2 spell: Throw Flame
   599 | D:1      | Reached XP level 3. HP: 20/20 MP: 7/7
  1375 | D:2      | Learned a level 3 spell: Conjure Flame
  1522 | D:2      | Reached skill level 4 in Fire Magic
  1789 | D:2      | Noticed Terence
  1812 | D:2      | Reached skill level 1 in Fighting
  1818 | D:2      | Slain by Terence

Skill      XL: |  1  2  3 |
---------------+----------+-----
Conjurations   | 2 |  2.3
Fire Magic     | 4 |  4.0
Fighting       | 1 |  1.0
Dodging        | |  2.5
Stealth        | |  2.0
Spellcasting   | |  2.4

Action                   || total
-------------------------++-------
Melee: Unarmed           ||    47
       Peck              ||     7
       Kick              ||     4
 Cast: Flame Tongue      ||    45
  Use: Scroll            ||     1
       Potion            ||     1
 Stab: Sleeping          ||     2
  Eat: Chunk             ||     2
Armor: Robe              ||    14
Dodge: Dodged            ||    48
